 Dungeon Sprint DCSS version 0.22.1-2-g9c5b331 (webtiles) character file.

139 diana the Shooter (level 5, -4/36 HPs)
             Began as a Gnoll Wanderer on Dec 27, 2018.
             Slain by a neqoxec (8 damage)
             ... in the Dungeon (Sprint II: "The Violet Keep of Menkaure").
             The game lasted 00:00:46 (35 turns).

diana the Shooter (Gnoll Wanderer)                    Turns: 35, Time: 00:00:47

Health: -4/36      AC:  2    Str: 15    XL:     5   Next: 22%
Magic:  6/8        EV: 14    Int: 16    God:
Gold:   0          SH:  0    Dex: 13    Spells: 10/10 levels left

rFire    . . .     SeeInvis .   a - +2 shortbow
rCold    . . .     Gourm    .   (shield currently unavailable)
rNeg     . . .     Faith    .   e - +0 robe
rPois    .         Spirit   .   (no helmet)
rElec    .         Reflect  .   (no cloak)
rCorr    .         Harm     .   (no gloves)
MR       .....     NoTele   +   (no boots)
Stlth    ++........             (no amulet)
HPRegen  0.12/turn              (no ring)
MPRegen  0.11/turn              (no ring)

@: no status effects
A: distributed training, fangs 1, blurry vision 1, frail 2, low mp 1, strong
nose
a: no special abilities


You were in the Dungeon.
You were not hungry.

You visited 1 branch

Inventory:

Hand Weapons
 a - a +2 shortbow (weapon)
Armour
 e - a +0 robe (worn)
Scrolls
 k - a scroll of blinking
Potions
 c - a potion of lignification
 d - 2 potions of curing
 g - a potion of heal wounds
 h - a potion of haste
 i - 2 potions of magic
 j - a potion of berserk rage
Comestibles
 f - a ration


   Skills:
 + Level 5.7 Fighting
 + Level 3.2 Short Blades
 + Level 3.2 Long Blades
 + Level 3.2 Axes
 + Level 3.2 Maces & Flails
 + Level 4.2 Polearms
 + Level 3.2 Staves
 + Level 3.2 Slings
 + Level 7.4 Bows
 + Level 3.2 Crossbows
 + Level 3.2 Throwing
 + Level 4.2 Armour
 + Level 4.2 Dodging
 + Level 3.2 Stealth
 + Level 3.2 Shields
 + Level 3.2 Unarmed Combat
 + Level 3.2 Spellcasting
 + Level 2.6 Conjurations
 + Level 2.6 Hexes
 + Level 2.6 Charms
 + Level 2.6 Summonings
 + Level 2.6 Necromancy
 + Level 2.6 Translocations
 + Level 2.6 Transmutations
 + Level 2.6 Fire Magic
 + Level 2.6 Ice Magic
 + Level 2.6 Air Magic
 + Level 2.6 Earth Magic
 + Level 2.6 Poison Magic
 + Level 3.6 Invocations
 + Level 5.7 Evocations


You had 10 spell levels left.
You didn't know any spells.
Your spell library was empty.

Dungeon Overview and Level Annotations

Branches:
Dungeon (1/1)

Altars:


Innate Abilities, Weirdness & Mutations

Your experience applies equally to all skills.
You have very sharp teeth.
Your uncanny sense of smell can sniff out nearby items.
Scrolls take you a little longer to read.
You are very frail. (-20% HP)
Your magical capacity is low. (-10% MP)


Message History

The neqoxec gestures at you.
Strange energies course through your body.
You clumsily bash the neqoxec but do no damage.
The neqoxec is severely wounded.
The neqoxec closely misses you. The neqoxec hits you.
* * * LOW HITPOINT WARNING * * *
You closely miss the neqoxec.
The neqoxec is severely wounded.
The neqoxec hits you.
* * * LOW HITPOINT WARNING * * *
You barely miss the neqoxec.
The neqoxec is severely wounded.
The neqoxec hits you.
* * * LOW HITPOINT WARNING * * *
The neqoxec gestures at you.
Something tries to feed on your intellect!
You clumsily bash the neqoxec but do no damage.
The neqoxec is severely wounded.
The neqoxec hits you!
You die...

∆ ## ∆
(# (##
#3#
##@##
∆
+.<.+
∆##.##
#+# ∆
∆


You could see a neqoxec.

Vanquished Creatures
  A neqoxec (D)
1 creature vanquished.

Notes
Turn   | Place    | Note
-------+----------+-------------------------------------------
     0 | D        | diana the Gnoll Wanderer began the quest for the Orb.
     0 | D        | diana set off with: a +2 shortbow, 28 arrows, a potion of
                  | lignification, 2 potions of curing, a +0 robe, a ration, a
                  | potion of heal wounds, a potion of haste, 2 potions of
                  | magic, a potion of berserk rage, a scroll of blinking
     0 | D        | Reached XP level 1. HP: 20/20 MP: 3/3
     1 | D        | Noticed a neqoxec
     2 | D        | Noticed an iron imp
    15 | D        | Noticed a quasit
    19 | D        | Noticed a quasit
    19 | D        | Noticed a crimson imp
    19 | D        | Noticed a neqoxec
    20 | D        | Killed a neqoxec
    20 | D        | Reached skill level 5 in Fighting
    20 | D        | Reached skill level 7 in Bows
    20 | D        | Reached skill level 5 in Evocations
    20 | D        | Reached XP level 2. HP: 5/28 MP: 4/6
    20 | D        | Reached XP level 3. HP: 7/34 MP: 4/7
    20 | D        | Reached XP level 4. HP: 8/40 MP: 4/8
    20 | D        | Reached XP level 5. HP: 9/46 MP: 4/9
    20 | D        | Gained mutation: You are frail. (-10% HP) [a neqoxec]
    24 | D        | Gained mutation: Scrolls take you a little longer to read.
                  | [a neqoxec]
    25 | D        | Gained mutation: Your magical capacity is low. (-10% MP) [a
                  | neqoxec]
    30 | D        | Gained mutation: You are very frail. (-20% HP) [a neqoxec]
    35 | D        | Slain by a neqoxec

Skill      XL: |  1 |
---------------+----+-----
Fighting       | 5 |  5.7
Short Blades   | 3 |  3.2
Long Blades    | 3 |  3.2
Axes           | 3 |  3.2
Maces & Flails | 3 |  3.2
Polearms       | 4 |  4.2
Staves         | 3 |  3.2
Slings         | 3 |  3.2
Bows           | 7 |  7.4
Crossbows      | 3 |  3.2
Throwing       | 3 |  3.2
Armour         | 4 |  4.2
Dodging        | 4 |  4.2
Stealth        | 3 |  3.2
Shields        | 3 |  3.2
Unarmed Combat | 3 |  3.2
Spellcasting   | 3 |  3.2
Conjurations   | 2 |  2.6
Hexes          | 2 |  2.6
Charms         | 2 |  2.6
Summonings     | 2 |  2.6
Necromancy     | 2 |  2.6
Translocations | 2 |  2.6
Transmutations | 2 |  2.6
Fire Magic     | 2 |  2.6
Ice Magic      | 2 |  2.6
Air Magic      | 2 |  2.6
Earth Magic    | 2 |  2.6
Poison Magic   | 2 |  2.6
Invocations    | 3 |  3.6
Evocations     | 5 |  5.7

Action                   |  1- 3 |  4- 6 || total
-------------------------+-------+-------++-------
Melee: Shortbow          |       |     6 ||     6
 Fire: Shortbow          |    19 |     9 ||    28
Armor: Robe              |     2 |       ||     2
Dodge: Dodged            |     8 |     4 ||    12
